 Dungeon Sprint DCSS version 0.28.0-45-g0d030f2227 (webtiles) character file.

Game seed: 7762507446297743335

4088 Zeld the Warrior (level 10, -11/162 HPs)
             Began as a Minotaur Berserker on Apr 20, 2022.
             Was the Champion of Trog.
             Mangled by Frances
             ... wielding a +0 war axe of holy wrath
              (18 damage)
             ... in the Dungeon (Sprint III: "The Ten Rune Challenge").
             The game lasted 00:02:54 (2393 turns).

Zeld the Warrior (Minotaur Berserker)               Turns: 2393, Time: 00:02:54

Health: -11/162    AC:  3    Str: 25    XL:     10   Next: 5%
Magic:  3/3        EV: 16    Int:  4    God:    Trog [******]
Gold:   3748       SH:  0    Dex: 11    Spells: 9/9 levels left

rFire   . . .      SeeInvis .   a - +2 battleaxe (antimagic)
rCold   . . .      Faith    .   (shield currently unavailable)
rNeg    . . .      Spirit   .   b - +0 animal skin
rPois   .          Reflect  .   (helmet restricted)
rElec   .          Harm     .   (no cloak)
rCorr   .          Rampage  .   (no gloves)
Will    ++...      NoTele   +   (no boots)
Stlth   ..........              (no amulet)
HPRegen 1.37/turn               (no ring)
MPRegen 0.08/turn               (no ring)

@: berserking, strong-willed, regenerating, slowed
A: horns 2, retaliatory headbutt
a: Renounce Religion, Berserk, Trog's Hand, Brothers in Arms


You were in the Dungeon.
You worshipped Trog.
Trog was exalted by your worship.
You visited 1 branch You collected 3748 gold pieces.

Inventory:

Hand Weapons
 a - a +2 antimagic battleaxe (weapon)
Armour
 b - a +0 animal skin (worn)
Scrolls
 i - 2 scrolls of torment {unknown}
 j - 3 scrolls of identify
Potions
 c - a potion of curing
 d - 2 potions of heal wounds
 e - 2 potions of haste
 f - 2 potions of magic
 g - a potion of berserk rage
 h - a potion of attraction {unknown}
 k - 4 potions of flight
 l - a potion of might


   Skills:
 * Level 16.5 Fighting
 * Level 16.4 Axes
 + Level 11.9 Armour
 + Level 10.8 Dodging


You had 9 spell levels left.
You didn't know any spells.
Your spell library was empty.

Dungeon Overview and Level Annotations

Branches:
Dungeon (1/1)

Altars:
Cheibriados
Dithmenos
Elyvilon
Fedhas
Gozag
Hepliaklqana
Kikubaaqudgha
Makhleb
Nemelex Xobeh
Okawaru
Qazlal
Ru
Sif Muna
Trog
Uskayaw
Vehumet
Wu Jian
Xom
Yredelemnul
Zin
The Shining One
Beogh
Jiyva
Lugonu

Shops:
D :

Annotations:
D Donald, Frances


Innate Abilities, Weirdness & Mutations

You have a pair of horns on your head.
You reflexively headbutt those who attack you in melee.


Message History

You feel very sick.
You start resting.
You feel very sick.
Donald the Adventurer opens the door.
He is wielding a +2 war axe of holy wrath and wearing a +0 kite shield of reflection.
There are monsters nearby!
Your skin crawls.
You feel strong-willed.
You feel very sick.
You closely miss Frances. Your headbutt misses Frances.
You feel sick.
Frances hits you with a +0 war axe of holy wrath!
Frances hits you with a +0 war axe of holy wrath!!!
Donald closely misses you. You furiously retaliate!
You headbutt Donald.
Unknown command.
A red film seems to cover your vision as you go berserk!
You feel yourself moving faster!
You feel mighty!
You feel sick.
Frances whispers indecipherable words.
The iron shot misses you.
Donald hits you with a +2 war axe of holy wrath!
You are too injured to fight recklessly!
You slice Donald!!
Donald's magic leaks into the air.
Donald is moderately wounded.
You slash Frances!
Frances's magic leaks into the air.
You feel sick. Frances misses you.
Donald hits you with a +2 war axe of holy wrath!!
* * * LOW HITPOINT WARNING * * *
Unknown command.
Donald blocks your attack.
Donald is moderately wounded.
You slice Frances!!
Frances's magic leaks into the air.
You feel sick.
Frances hits you with a +0 war axe of holy wrath!!
* * * LOW HITPOINT WARNING * * *
Donald falters for a moment.
Unknown command.
Unknown command.
You slice Donald!!
Donald's magic leaks into the air.
You headbutt Donald!
Donald is almost dead.
You completely miss Frances.
You feel sick.
You are no longer poisoned.
Frances hits you with a +0 war axe of holy wrath!!
You die...

#'#####################
#....#.#.#.....#...^..+
##.#..#.##)###.#..^.^^#
'##)#.#.##)#.)##......#
#.).#..#..##.)'.^..^.^#
▓▓▓▓▓▓▓▓▓▓▓▓▓▓#..^....#
...f≈f≈...#.....^.#
≈≈≈≈≈≈♣♣P.'..^....#
♣♣♣♣♣ ♣PP#.@@....#
♣♣♣##@###### ... #...#
#...# #####


You could see Frances (magic disrupted), Donald (strong, magic disrupted) and a
wandering mushroom.

Vanquished Creatures
  Erolcha (D)
  A deep elf knight (D)
  An orc knight (D)
  A deep elf pyromancer (D)
  A shadow (D)
  2 redbacks (D)
  A spatial vortex (D)
  A necrophage (D)
  5 two-headed ogres (D)
  A water elemental (D)
  A jelly (D)
  2 orc priests (D)
  A necromancer (D)
  A wizard (D)
  An orc wizard (D)
  A kobold demonologist (D)
  3 humans (D)
  A wolf (D)
  5 orcs (D)
  An endoplasm (D)
  3 rats (D)
35 creatures vanquished.

Vanquished Creatures (collateral kills)
  An orc warrior (D)
  An orc priest (D)
  An orc wizard (D)
  6 orcs (D)
9 creatures vanquished.

Grand Total: 44 creatures vanquished

Notes
Turn   | Place    | Note
-------+----------+-------------------------------------------
     0 | D        | Zeld the Minotaur Berserker began the quest for the Orb.
     0 | D        | Reached XP level 1. HP: 19/19 MP: 0/0
    57 | D        | Reached ** piety under Trog
    84 | D        | Reached skill level 5 in Fighting
    84 | D        | Reached skill level 5 in Axes
    84 | D        | Reached XP level 2. HP: 29/29 MP: 1/1
   177 | D        | Reached XP level 3. HP: 19/37 MP: 2/2
   394 | D        | Noticed a water elemental
   399 | D        | Killed a water elemental
   400 | D        | Reached XP level 4. HP: 26/47 MP: 3/3
   582 | D        | Found a glowing silver altar of Zin.
   582 | D        | Found a glowing golden altar of the Shining One.
   582 | D        | Found a white marble altar of Elyvilon.
   583 | D        | Noticed a deep elf pyromancer
   589 | D        | Killed a deep elf pyromancer
   589 | D        | Reached *** piety under Trog
   590 | D        | Reached skill level 10 in Fighting
   590 | D        | Reached skill level 10 in Axes
   590 | D        | Reached XP level 5. HP: 56/59 MP: 4/4
   590 | D        | Reached XP level 6. HP: 64/67 MP: 5/5
   701 | D        | Found a hide-covered altar of Uskayaw.
   701 | D        | Found an iron altar of Okawaru.
   701 | D        | Found a bloodstained altar of Trog.
   701 | D        | Found an ornate altar of the Wu Jian Council.
   701 | D        | Noticed a human
   701 | D        | Noticed a human
   706 | D        | Killed a human
   707 | D        | Reached XP level 7. HP: 74/74 MP: 6/6
   708 | D        | Killed a human
   779 | D        | Found a basalt altar of Yredelemnul.
   779 | D        | Found a shadowy altar of Dithmenos.
   779 | D        | Found a sacrificial altar of Ru.
   782 | D        | Reached **** piety under Trog
   857 | D        | Noticed a shadow
   864 | D        | Killed a shadow
   865 | D        | Reached XP level 8. HP: 79/85 MP: 7/7
   988 | D        | Found a radiant altar of Vehumet.
   988 | D        | Found a shimmering blue altar of Sif Muna.
   988 | D        | Found an ancient bone altar of Kikubaaqudgha.
   992 | D        | Reached ***** piety under Trog
  1045 | D        | Found a blossoming altar of Fedhas.
  1045 | D        | Found a stormy altar of Qazlal.
  1045 | D        | Found a snail-covered altar of Cheibriados.
  1045 | D        | Found a burning altar of Makhleb.
  1045 | D        | Found a shimmering altar of Xom.
  1048 | D        | Found a hazy altar of Hepliaklqana.
  1048 | D        | Found an opulent altar of Gozag.
  1048 | D        | Found a sparkling altar of Nemelex Xobeh.
  1048 | D        | Found a corrupted altar of Lugonu.
  1048 | D        | Found a viscous altar of Jiyva.
  1267 | D        | Noticed a two-headed ogre
  1277 | D        | Killed a two-headed ogre
  1277 | D        | Received a gift from Trog
  1278 | D        | Reached skill level 10 in Armour
  1388 | D        | Noticed a two-headed ogre
  1388 | D        | Noticed Erolcha
  1394 | D        | Killed Erolcha
  1395 | D        | Reached XP level 9. HP: 96/96 MP: 8/8
  1401 | D        | Killed a two-headed ogre
  1402 | D        | Reached skill level 15 in Fighting
  1402 | D        | Reached skill level 15 in Axes
  1679 | D        | Noticed an orc knight
  1686 | D        | Received a gift from Trog
  1698 | D        | Killed an orc knight
  1699 | D        | Reached skill level 10 in Dodging
  1724 | D        | Reached ****** piety under Trog
  1734 | D        | Received a gift from Trog
  1919 | D        | Found Tethrossi's Book Shop.
  1980 | D        | Noticed a deep elf knight
  1980 | D        | Noticed a deep elf knight
  1980 | D        | Noticed a deep elf zephyrmancer
  1980 | D        | Noticed a deep elf zephyrmancer
  1980 | D        | Noticed a deep elf pyromancer
  2203 | D        | Killed a deep elf knight
  2204 | D        | Reached XP level 10. HP: 62/108 MP: 3/9
  2385 | D        | Noticed Donald
  2385 | D        | Noticed Frances
  2392 | D        | HP: 7/162 [Frances/+0 war axe of holy wrath (20)]
  2393 | D        | Mangled by Frances

Illustrated notes

Levels and vault maps discovered:
D:        dungeon_sprint_mu [sprint_mu_entry_forest, sprint_mu_temple_rooms,
          sprint_mu_d1_spiders, sprint_mu_d2_genie, sprint_mu_d3_branching,
          sprint_mu_orc_legion, sprint_mu_elf_gauntlet, sprint_mu_hive_nellie,
          sprint_mu_lair_fedhas, sprint_mu_vaults_butterflies,
          sprint_mu_slime_circle, sprint_mu_swamp_cave, sprint_mu_shoals_kraken,
          sprint_mu_blade_basic, sprint_mu_crypt_fortress,
          sprint_mu_tomb_spiral, sprint_mu_vestibule_basic,
          sprint_mu_gehenna_hellfire, sprint_mu_dis_giant,
          sprint_mu_tartarus_statrot, sprint_mu_cocytus_islands, sprint_mu_zot1]

Skill      XL: |  1  2  3  4  5  6  7  8  9 |
---------------+----------------------------+-----
Fighting       | 5 7 10 11 12 14 16 | 16.5
Axes           | 5 7 10 11 12 14 16 | 16.4
Armour         | 3 4 7 8 9 10 11 | 11.9
Dodging        | 3 4 6 7 8 9 10 | 10.8

Action                   |  1- 3 |  4- 6 |  7- 9 | 10-12 || total
-------------------------+-------+-------+-------+-------++-------
Melee: Hand axe          |    14 |     8 |    88 |       ||   110
       Headbutt          |     1 |     1 |    23 |     1 ||    26
       Punch             |     1 |       |     1 |       ||     2
       Battleaxe         |       |       |    12 |     4 ||    16
Invok: Berserk           |     3 |     2 |     8 |     1 ||    14
       Trog's Hand       |       |       |     1 |     1 ||     2
       Brothers in Arms  |       |       |     1 |       ||     1
  Use: Scroll            |       |       |     1 |       ||     1
Armor: Animal skin       |       |       |     5 |       ||     5
Dodge: Dodged            |     8 |     4 |    29 |     3 ||    44
